 Dungeon Crawl Stone Soup version 0.30-a0-476-g330ca2eb8e (webtiles) character file.

Game seed: 3575873169816334251

56 xzight the Firebug (level 3, 0/20 HPs)
             Began as a Deep Elf Fire Elementalist on Dec 22, 2022.
             Slain by a hobgoblin
             ... wielding a +0 mace
              (6 damage)
             ... on level 2 of the Dungeon.
             The game lasted 00:04:14 (1851 turns).

xzight the Firebug (Deep Elf Fire Elementalist)     Turns: 1851, Time: 00:04:14

Health: 0/20       AC:  2    Str:  5    XL:     3   Next: 69%
Magic:  7/10       EV: 13    Int: 21    God:
Gold:   98         SH:  0    Dex: 15    Spells: 6/9 levels left

rFire   + . .      SeeInvis .    b - staff of fire {!a}
rCold   . . .      Faith    .    (no shield)
rNeg    . . .      Spirit   .    f - +0 robe
rPois   .          Reflect  .    (no helmet)
rElec   .          Harm     .    (no cloak)
rCorr   .          Rampage  .    (no gloves)
Will    .....                    (no boots)
Stlth   ++........               (no amulet)
HPRegen 0.23/turn                (no ring)
MPRegen 0.12/turn                (no ring)

@: no status effects
A: no striking features
a: no special abilities


You were on level 2 of the Dungeon.
You visited 1 branch of the dungeon, and saw 2 of its levels.

You collected 98 gold pieces.


   Skills:
 + Level 0.9 Fighting
 + Level 3.1 Dodging
 - Level 2.4 Stealth
 + Level 3.6 Spellcasting
 + Level 2.0 Conjurations
 + Level 3.7 Fire Magic


You had 6 spell levels left.
You knew the following spells:

 Your Spells              Type           Power      Damage    Failure   Level
a - Foxfire               Conj/Fire      96%        2x1d8     3%          1
b - Scorch                Fire           58%        2d8       4%          2

Your spell library contained the following spells:

 Spells                   Type           Power      Damage    Failure   Level
 Freeze                   Ice            12%        1d3       12%         1
 Inner Flame              Hex/Fire       17%        N/A       17%         3
 Kindle Blastsparks       Fire/Tloc/Air  26%        2d12      22%         3
 Hailstorm                Conj/Ice       8%         3d4       24%         3
 Frozen Ramparts          Ice            6%         1d1       36%         3
 Flame Wave               Conj/Fire      24%        2d8       36%         4

Inventory:

Hand Weapons
 a - a +1 dagger of speed
Armour
 f - a +0 robe (worn)
Magical Staves
 b - a staff of fire (weapon) {!a}
Scrolls
 c - a scroll of fog {unknown}
 d - a scroll of magic mapping {unknown}
 g - a scroll of identify {@r1}
 k - a scroll of fear {unknown}
 l - a scroll of vulnerability {unknown}
 m - a scroll of immolation {unknown}
 n - 2 scrolls of teleportation {unknown}
Potions
 e - a potion of flight {unknown}
 h - 2 potions of curing {@q1}
 i - a potion of mutation {unknown}
 j - a potion of lignification {unknown}
 o - a potion of might {unknown}
 p - a potion of magic

Dungeon Overview and Level Annotations

Branches:
Dungeon (2/15)

Altars:

# #...# #..# #...# #..#
### #...# #..#
.....#...# ###..#
...#.#...# ..#..#
#.....†.# #.#..#
#..§v.# #.#..# #@##
####.#... #g.#
#....#...
###.###.#######....####
.......................
###.####.######....####
#.. #..########.# ##
#.# ##......###.# #.
#.#
###############..##.#
#. #.#
...............)....#
#.


You could see a hobgoblin (combustible, ally target).


Message History

You open the door.
There is an open door here.
There is an open door here.
You enter the shallow water.
Moving in this stuff is going to be slow.
There is a stone staircase leading down here.
A rat comes into view.
Casting: Scorch (safe; 4% risk of failure)
Confirm with . or Enter, or press ? or * to list all spells.
You feel a surge of power!
You conjure some foxfire!
The foxfire hits the rat but does no damage.
The foxfire hits the rat!
You kill the rat!
A hobgoblin comes into view. It is wielding a +0 mace.
There is an open door here.
A hobgoblin is nearby!
Casting: Foxfire (safe; 3% risk of failure)
Confirm with . or Enter, or press ? or * to list all spells.
You feel a surge of power!
You conjure some foxfire!
The hobgoblin shouts!
The hobgoblin hits you with a +0 mace.
Casting: Foxfire (safe; 3% risk of failure)
Confirm with . or Enter, or press ? or * to list all spells.
You feel a surge of power!
Flames lash the hobgoblin.
The hobgoblin is heavily wounded.
The hobgoblin's fire resistance burns away.
The hobgoblin hits you with a +0 mace!
* * * LOW HITPOINT WARNING * * *
The hobgoblin hits you with a +0 mace.
You die...

Skill      XL: |  1  2  3 |
---------------+----------+-----
Dodging        | 3 |  3.1
Conjurations   | 2 |  2.0
Fighting       | |  0.9
Stealth        | |  2.4
Spellcasting   | |  3.6
Fire Magic     | |  3.7

Action                   || total
-------------------------++-------
 Cast: Foxfire           ||    65
       Scorch            ||     3
  Use: Scroll            ||     1
Armor: Robe              ||     2
Dodge: Dodged            ||     9

Levels and vault maps discovered:
D:1:      spicycebolla_arrival_xxxplode, layout_loops_ring
D:2:      layout_basic, shapermc_ecumenical_altar_mp_ritualfount,
          chequers_serial_rivers_small_b, columned_hall_lemuel,
          serial_bayou_ford_a, grunt_ministairs_14,
          chequers_serial_rivers_room_a, minmay_lizard_pond

Notes
Turn   | Place    | Note
-------+----------+-------------------------------------------
     0 | D:1      | xzight the Deep Elf Fire Elementalist began the quest for
                  | the Orb.
     0 | D:1      | Reached XP level 1. HP: 10/10 MP: 6/6
   278 | D:1      | Reached XP level 2. HP: 16/16 MP: 6/8
  1151 | D:2      | Learned a level 2 spell: Scorch
  1230 | D:2      | Reached XP level 3. HP: 20/20 MP: 7/9
  1419 | D:2      | Reached skill level 3 in Dodging
  1485 | D:2      | Found a faded altar of an unknown god.
  1677 | D:2      | Reached skill level 2 in Conjurations
  1851 | D:2      | Slain by a hobgoblin

Vanquished Creatures
  An adder (D:2)
  2 worms (D:2)
  2 ball pythons
  2 bats
  7 endoplasms
  A giant cockroach (D:1)
  5 hobgoblins
  2 quokkas (D:1)
  4 frilled lizards (D:2)
  4 goblins
  3 kobolds
  4 rats
37 creatures vanquished.

Vanquished Creatures (collateral kills)
  A foxfire (D:2)
1 creature vanquished.

Vanquished Creatures (others)
  96 foxfires
  3 fungi (D:2)
  7 plants (D:2)
106 creatures vanquished.

Grand Total: 144 creatures vanquished

Table legend: (Time is in decaauts)
 A = Elapsed time spent in this place.
 B = Non-inter-level travel time spent in this place.
 C = Inter-level travel time spent in this place.
 D = Time resting spent in this place.
 E = Time spent auto-exploring this place.
 F = Levels seen in this place.
 G = Mean time per level.
                   A        B        C        D        E       F      G
               +--------+--------+--------+--------+--------+-----+--------+
         Total |   1854 |   1832 |     22 |    464 |   1094 |   2 |  927.0 |
       Dungeon |   1854 |   1832 |     22 |    464 |   1094 |   2 |  927.0 |
               +--------+--------+--------+--------+--------+-----+--------+

Top non-repeatable levels by time:
     D:1: 1084 daAuts
     D:2: 769 daAuts

Table legend:
 A = Non-vault XP
 B = Vault XP
 C = Vault XP percentage of total XP
 D = Non-vault monster count
 E = Vault monster count
 F = Vault count percentage of total count
                 A         B        C        D         E       F
            +---------+---------+-------+---------+---------+-------
      Total |      75 |       5 |   6.2 |      33 |       4 |  10.8
            +---------+---------+-------+---------+---------+-------
        D:1 |      31 |       0 |   0.0 |      18 |       0 |   0.0
        D:2 |      44 |       5 |  10.2 |      15 |       4 |  21.1
            +---------+---------+-------+---------+---------+-------
